 Dungeon Crawl Stone Soup version 0.23.1 (webtiles) character file.

Game seed: 18011766915128820325

196 Irenicus the Digger (level 5, -1/42 HPs)
             Began as a Deep Dwarf Earth Elementalist on Mar 17, 2019.
             Slain by a gnoll
             ... wielding a +0 whip
              (8 damage)
             ... on level 4 of the Dungeon.
             The game lasted 00:10:50 (1557 turns).

Irenicus the Digger (Deep Dwarf Earth Elementalist) Turns: 1557, Time: 00:10:51

Health: -1/42      AC:  4    Str: 11    XL:     5   Next: 46%
Magic:  3/8        EV: 12    Int: 17    God:
Gold:   113        SH:  3    Dex: 13    Spells: 5/8 levels left

rFire    . . .     SeeInvis .   p - +1 short sword (venom)
rCold    . . .     Gourm    .   (no shield)
rNeg     . . .     Faith    .   v - +0 leather armour
rPois    .         Spirit   .   h - +0 hat
rElec    .         Reflect  +   s - +0 cloak
rCorr    .         Harm     .   (no gloves)
MR       .....                  (no boots)
Stlth    ++........             g - +3 amulet of reflection
HPRegen  0.00/turn              (no ring)
MPRegen  0.11/turn              (no ring)

@: non-regenerating
A: damage resistance, heal wounds, sense surroundings 1, no regeneration
a: Heal Wounds


You were on level 4 of the Dungeon.
You were hungry.

You visited 1 branch of the dungeon, and saw 4 of its levels.

You collected 113 gold pieces.

Inventory:

Hand Weapons
 e - a +0 dagger
   (You took it off a goblin on level 1 of the Dungeon)
 p - a +1 short sword of venom (weapon)
   (You took it off a kobold on level 3 of the Dungeon)
Missiles
 b - 18 stones (quivered)
Armour
 h - a +0 hat (worn)
   (You found it on level 1 of the Dungeon)
 s - a +0 cloak (worn)
   (You took it off Crazy Yiuf on level 3 of the Dungeon)
 v - a +0 leather armour (worn)
   (You took it off an orc on level 3 of the Dungeon)
Jewellery
 g - a +3 amulet of reflection (around neck)
   (You found it on level 1 of the Dungeon)
Scrolls
 a - a scroll of fear {unknown}
 m - a scroll of remove curse {unknown}
 n - a scroll of fog {unknown}
 o - a scroll of immolation {unknown}
 q - a scroll of noise {unknown}
 r - a scroll of enchant weapon {unknown}
 u - a scroll of enchant armour {unknown}
Potions
 c - a potion of lignification {unknown}
 f - a potion of might {unknown}
 i - a potion of brilliance
 j - a potion of resistance {unknown}
 k - 3 potions of curing {unknown}
 l - a potion of magic {unknown}
 t - a potion of agility
Comestibles
 d - 6 rations


   Skills:
 - Level 2.4 Dodging
 - Level 2.7 Stealth
 - Level 2.0 Spellcasting
 - Level 0.8 Transmutations
 + Level 7.9 Earth Magic


You had 5 spell levels left.
You knew the following spells:

 Your Spells              Type           Power        Failure   Level  Hunger
a - Sandblast             Erth           ####..       1%          1    #......
w - Passwall              Tmut/Erth      ###.....     6%          2    ###....

Your spell library contained the following spells:

 Spells                   Type           Power        Failure   Level  Hunger
 Stone Arrow              Conj/Erth      ###...       16%         3    ###....
 Lee's Rapid Deconstruct  Erth           ####......   28%         5    ######.
 Petrify                  Tmut/Erth      ###.....     38%         4    #####..


Dungeon Overview and Level Annotations

Branches:
Dungeon (4/15)
 Temple: D:4-7

Altars:


Innate Abilities, Weirdness & Mutations

You are resistant to damage.
You can heal yourself by infusing magical energy.
You passively map a small area around you.
You do not regenerate.


Message History

You now have 4/7 mp.
Aim: an adder The blast of sand hits the adder!
b - 28 stones The adder bites you but does no damage.
An adder comes into view.
You now have 3/7 mp.
Aim: an adder (heavily wounded)
The blast of sand hits the adder.
You kill the adder!
You have reached level 5!
b - 27 stones The jackal bites you but does no damage.
The jackal bites you.
* * * LOW HITPOINT WARNING * * *
You now have 2/8 mp.
Aim: a jackal The blast of sand hits the jackal.
b - 26 stones The jackal misses you.
You now have 1/8 mp.
Aim: a jackal (moderately wounded)
The blast of sand hits the jackal!
You kill the jackal!
b - 25 stones You now have 0/8 mp.
You don't have enough magic to cast that spell.
Unknown command.
Okay, then.
Aim: an adder The blast of sand hits the adder!
You kill the adder!
b - 24 stones You now have 0/8 mp.
You see here a jackal corpse.
You butcher the jackal corpse.
Things that are here:
a chunk of flesh {@w0}; a jackal skeleton Eating a chunk of flesh {@w0}.
You eat the chunk of flesh {@w0}.
You are feeling very hungry.
Okay, then.
You see here a jackal corpse.
You butcher the jackal corpse.
Things that are here:
a chunk of flesh {@w0}; a jackal skeleton Eating a chunk of flesh {@w0}.
You eat the chunk of flesh {@w0}.
k - 3 orange potions (gained 1)
j - a lumpy ruby potion
u - a scroll labeled MOETAA OCHEM A rock wall.
You miscast Passwall.
You are very lightly contaminated with residual magic.
You feel a strange surge of energy!
You now have 4/8 mp.
Unknown command.
A rock wall.
You begin to meditate on the wall.
You continue meditating on the rock. x2
You finish merging with the rock.
You now have 2/8 mp.
Your magical contamination has completely faded away.
You are feeling hungry.
MP restored: 8
Found a stone staircase leading down.
There is a stone staircase leading down here.
A gnoll comes into view.
A gnoll and a skeleton come into view.
The gnoll shouts!
You hear a shout!
A gnoll comes into view. It is wielding a +0 whip.
A gnoll comes into view. It is wielding a +0 spear.
The gnoll shouts!
Aim: a gnoll, wielding a +0 flail The blast of sand hits the gnoll!
b - 23 stones You now have 7/8 mp.
Aim: a gnoll, wielding a +0 spear The blast of sand hits the gnoll!
You kill the gnoll!
b - 22 stones You now have 6/8 mp.
Aim: a gnoll, wielding a +0 flail (almost dead)
The blast of sand hits the gnoll!
You kill the gnoll!
b - 21 stones You now have 5/8 mp.
The howler monkey skeleton closely misses you.
Aim: a howler monkey skeleton The blast of sand hits the howler monkey skeleton!
b - 20 stones The howler monkey skeleton hits you but does no damage.
You now have 4/8 mp.
Aim: a howler monkey skeleton (severely damaged)
The blast of sand hits the howler monkey skeleton!
You destroy the howler monkey skeleton!
b - 19 stones
Aim: a gnoll, wielding a +0 whip The blast of sand misses the gnoll.
The blast of sand hits the gnoll!!
You kill the gnoll!
b - 18 stones The gnoll hits you with a +0 whip!
You die...

, , ..........#####
######.............# ,
.........###.#.###.# ,
.........%# #.#.###.#########
..........# #................
, ..........#
#...###.######### ..........#
#..........#
,......)...###...###.####
,.......)...g@...# #.#
..........###...# #.#
..........###..(###.#########
.............................
..........###...###.###.#####
................# #.# #.#
..........###..## #.# #.# ,
..........###..####.# #.# ,
....................###.#


You could see a gnoll.

Vanquished Creatures
  Crazy Yiuf (D:3)
  Jessica (D:3)
  A howler monkey skeleton (D:4)
  3 gnolls (D:4)
  4 adders
  An ooze (D:1)
  2 worms
  2 dart slugs (D:2)
  An orc (D:3)
  A giant cockroach (D:3)
  8 goblins
  5 hobgoblins
  7 jackals
  A ball python (D:1)
  8 bats
  2 frilled lizards (D:1)
  4 kobolds
  3 rats
55 creatures vanquished.

Notes
Turn   | Place    | Note
-------+----------+-------------------------------------------
     0 | D:1      | Irenicus the Deep Dwarf Earth Elementalist began the quest
                  | for the Orb.
     0 | D:1      | Reached XP level 1. HP: 15/15 MP: 3/3
   171 | D:1      | Reached skill level 2 in Spellcasting
   171 | D:1      | Reached XP level 2. HP: 20/22 MP: 1/5
   428 | D:2      | Reached skill level 5 in Earth Magic
   428 | D:2      | Reached XP level 3. HP: 26/28 MP: 0/6
   584 | D:2      | Learned a level 2 spell: Passwall
   861 | D:3      | Noticed Jessica
   866 | D:3      | Killed Jessica
   866 | D:3      | Reached skill level 6 in Earth Magic
   866 | D:3      | Reached XP level 4. HP: 15/36 MP: 4/7
  1100 | D:3      | Found a runed translucent door.
  1101 | D:3      | Noticed Crazy Yiuf
  1109 | D:3      | HP: 9/36 [Crazy Yiuf/+2 quarterstaff of chaos (6)]
  1110 | D:3      | Killed Crazy Yiuf
  1196 | D:3      | Reached skill level 7 in Earth Magic
  1390 | D:4      | Reached XP level 5. HP: 8/42 MP: 2/8
  1390 | D:4      | HP: 7/42 [jackal (1)]
  1557 | D:4      | Slain by a gnoll

Skill      XL: |  1  2  3  4 |
---------------+-------------+-----
Spellcasting   | 2 |  2.0
Earth Magic    | 5 6 7 |  7.9
Dodging        | |  2.4
Stealth        | |  2.7
Transmutations | |  0.8

Action                   |  1- 3 |  4- 6 || total
-------------------------+-------+-------++-------
Melee: Dagger            |    23 |       ||    23
       Short sword       |       |     9 ||     9
 Cast: Sandblast         |    43 |    29 ||    72
       Passwall          |     3 |     4 ||     7
  Use: Scroll            |       |     3 ||     3
  Eat: Chunk             |       |     3 ||     3
Armor: Robe              |    15 |       ||    15
       Leather armour    |       |    12 ||    12
Dodge: Dodged            |    28 |    10 ||    38
Block: Other             |     2 |       ||     2

Levels and vault maps discovered:
D:1:      lightli_arrival_windingriver, layout_basic, item_on_display_a
D:2:      layout_loops_cross
D:3:      layout_rooms, serial_forest, infiniplex_forest_end_2,
          infiniplex_forest_3_way, infiniplex_forest_end_2,
          infiniplex_forest_lined_room_2, infiniplex_forest_clump_long,
          infiniplex_forest_clump_double, infiniplex_forest_fountain,
          serial_park_tiny_pond, ebering_dispersal_statue_hall,
          lemuel_another_geyser, uniq_jessica, uniq_crazy_yiuf_cottage
D:4:      layout_basic, overflow_temple_1_default,
          lemuel_coloured_pillars_altar, nicolae_tso_swordbearing_angel,
          nicolae_gozag_cash_rules_everything_around_me, serial_shops,
          kennysheep_mini, first_ration, kennysheep_pointless_box

Table legend:
 A = Turns spent in this place as a percentage of turns spent in the entire game.
 B = Non-inter-level travel turns spent in this place as a percentage of non-inter-level travel turns spent in the entire game.
 C = Inter-level travel turns spent in this place as a percentage of turns spent in this place.
 D = Turns resting spent in this place as a percentage of non-inter-level travel turns spent in this place.
 E = Turns spent auto-exploring this place as a percentage of non-inter-level travel turns spent in this place.
 F = Non-inter-level travel turns spent in this place divided by the number of levels of this place that you've seen.
                   A       B       C       D       E      F
               +-------+-------+-------+-------+-------+----------------------
         Total | 100.0 | 100.0 |   0.0 |   0.0 |   0.0 | 389.2
       Dungeon | 100.0 | 100.0 |   0.0 |   0.0 |   0.0 | 389.2
               +-------+-------+-------+-------+-------+----------------------

Table legend:
 A = Kills in this place as a percentage of kills in entire the game.
 B = Kills by you in this place as a percentage of kills by you in the entire game.
 C = Kills by friends in this place as a percentage of kills by friends in the entire game.
 D = Other kills in this place as a percentage of other kills in the entire game.
 E = Experience gained in this place as a percentage of experience gained in the entire game.
 F = Experience gained in this place divided by the number of levels of this place that you have seen.
                   A       B       C       D       E      F
               +-------+-------+-------+-------+-------+----------------------
         Total | 100.0 | 100.0 |   N/A |   N/A | 100.0 |  70.2
       Dungeon | 100.0 | 100.0 |   N/A |   N/A | 100.0 |  70.2
               +-------+-------+-------+-------+-------+----------------------
